 Dungeon Crawl Stone Soup version 0.29.0-5-ge4962eb29e (webtiles) character file.

Game seed: 219397245047222122

282 gelatine the Chopper (level 6, -2/47 HPs)
             Began as a Demonspawn Gladiator on Aug 29, 2022.
             Was a Plaything of Xom.
             Slain by a black bear (5 damage)
             ... on level 4 of the Dungeon.
             The game lasted 00:06:31 (2767 turns).

gelatine the Chopper (Demonspawn Gladiator)         Turns: 2767, Time: 00:06:35

Health: -2/47      AC:  6    Str: 17    XL:     6   Next: 6%
Magic:  6/6        EV: 12    Int:  7    God:    Xom [....*.]
Gold:   183        SH:  0    Dex: 14    Spells: 5/5 levels left

rFire   . . .      SeeInvis .   a - +0 war axe
rCold   . . .      Faith    .   n - orb {*Rage}
rNeg    . . .      Spirit   .   b - +0 leather armour
rPois   .          Reflect  .   c - +0 helmet
rElec   .          Harm     .   (no cloak)
rCorr   .          Rampage  .   (no gloves)
Will    .....      Rage     20% s - +0 pair of boots
Stlth   +.........              (no amulet)
HPRegen 0.15/turn               (no ring)
MPRegen 0.10/turn               (no ring)

@: on berserk cooldown
A: rugged brown scales 1, hooves 1, dopey 1
a: Renounce Religion


You were on level 4 of the Dungeon.
You worshipped Xom.
You were a beloved toy of Xom.
You visited 1 branch of the dungeon, and saw 6 of its levels.

You collected 183 gold pieces.

Inventory:

Hand Weapons
 a - a +0 war axe (weapon)
Missiles
 e - 3 boomerangs (quivered)
 o - a javelin
 p - 2 poisoned darts
Armour
 b - a +0 leather armour (worn)
 c - a +0 helmet (worn)
 n - an orb of wrath (worn)
 s - a +0 pair of boots (worn)
Scrolls
 d - 2 scrolls of identify {unknown}
 f - 3 scrolls of teleportation {unknown}
 g - 3 scrolls of brand weapon {unknown}
 j - a scroll of noise {unknown}
 l - a scroll of enchant armour {unknown}
 q - a scroll of vulnerability {unknown}
 r - 3 scrolls of fog {unknown}
 u - 3 scrolls of poison {unknown}
Potions
 h - 2 potions of mutation
 i - a potion of curing {unknown}
 k - 2 potions of ambrosia {unknown}
 m - a potion of cancellation {unknown}
 t - a potion of flight {unknown}
 v - 2 potions of resistance {unknown}


   Skills:
 + Level 2.4 Fighting
 + Level 4.2 Axes
 + Level 3.3 Throwing
 + Level 1.6 Armour
 + Level 3.4 Dodging
 + Level 0.7 Stealth


You had 5 spell levels left.
You didn't know any spells.
Your spell library contained the following spells:

 Spells                   Type           Power      Damage    Failure   Level
 Summon Forest            Summ/Tloc      0%         N/A       100%        5
 Eringya's Noxious Bog    Tmut/Pois      0%         N/A       100%        6
 Summon Hydra             Summ           0%         N/A       100%        7


Dungeon Overview and Level Annotations

Branches:
Dungeon (6/15)             Temple (0/1) D:6

Altars:
Xom


Innate Abilities, Weirdness & Mutations

You are partially covered in rugged brown scales. (AC +1, +3% HP)
You have large cloven feet.
You are dopey. (Int -2)


Message History

The black bear misses you.
The black bear claws you but does no damage.
The black bear bites you but does no damage.
The black bear claws you. The black bear completely misses you.
You slash the black bear!
The black bear is heavily wounded.
The black bear barely misses you. The black bear closely misses you.
The black bear claws you. The black bear bites you. The black bear claws you.
The black bear claws you but does no damage.
You slash the black bear!
The black bear is almost dead.
The black bear goes berserk!
The black bear bites you!
The black bear claws you but does no damage.
The black bear claws you.
You hit the black bear.
The black bear is almost dead.
You feel yourself speed up. The black bear bites you.
The black bear barely misses you. x2
The black bear bites you!
* * * LOW HITPOINT WARNING * * *
The black bear closely misses you.
The black bear claws you but does no damage.
The black bear closely misses you.
The black bear claws you but does no damage.
The black bear barely misses you.
You hit the black bear.
The black bear is almost dead. "Time to have some fun!"
The black bear misses you. The black bear claws you.
* * * LOW HITPOINT WARNING * * *
The black bear claws you but does no damage.
The black bear closely misses you. x2; The black bear claws you.
* * * LOW HITPOINT WARNING * * *
It was a potion of mutation.
You feel extremely strange.
Your feet thicken and deform.
You feel stupid.
Xom roars with laughter!
The black bear closely misses you.
The black bear claws you but does no damage.
The black bear claws you.
You die...

# .# . .. #. ..
#.##. ###.._.
#..._5.
#..._5h#####...
#@55...# #.###..##
#_# ... #_###..#
#. ##......#. #...
#..)...... #...#
#.##.#.###
#...######.#..#.##
#................#


You could see a black bear (berserk), a quasit (summoned), a crimson imp
(summoned), a shadow imp (summoned) and an ufetubus (summoned).

Vanquished Creatures
  Menkaure (D:4)
  A jelly (D:4)
  Jessica (D:2)
  2 adders (D:3)
  3 worms
  9 dart slugs (D:3)
  2 orcs (D:3)
  3 bats
  5 endoplasms
  2 giant cockroaches (D:2)
  3 goblins
  5 hobgoblins
  5 kobolds
  3 quokkas
  6 ball pythons
  2 frilled lizards
  5 rats
58 creatures vanquished.

Notes
Turn   | Place    | Note
-------+----------+-------------------------------------------
     0 | D:1      | gelatine the Demonspawn Gladiator began the quest for the
                  | Orb.
     0 | D:1      | Reached XP level 1. HP: 16/16 MP: 1/1
   351 | D:1      | Found a faded altar of an unknown god.
   368 | D:1      | Prayed at the altar of an unknown god.
   368 | D:1      | Became a worshipper of Xom of Chaos
   557 | D:1      | XOM: silly message
   571 | D:1      | Gained mutation: You are partially covered in rugged brown
                  | scales. (AC +1, +3% HP) [demonic ancestry]
   571 | D:1      | Reached XP level 2. HP: 16/22 MP: 2/2
   796 | D:1      | Reached skill level 3 in Axes
  1224 | D:2      | Reached XP level 3. HP: 20/27 MP: 3/3
  1688 | D:2      | Noticed Jessica
  1694 | D:2      | Killed Jessica
  1697 | D:2      | Reached XP level 4. HP: 33/33 MP: 4/4
  1739 | D:3      | XOM: silly message
  1748 | D:3      | Reached skill level 1 in Armour
  1757 | D:3      | XOM: potion effect (curing)
  1973 | D:3      | XOM: silly message
  2011 | D:3      | XOM: silly message
  2097 | D:3      | XOM: silly message
  2249 | D:3      | XOM: divination: detect creatures
  2318 | D:3      | You fall into a shaft and drop 3 floors!
  2318 | D:6      | Found a staircase to the Ecumenical Temple.
  2341 | D:5      | Entered Level 5 of the Dungeon
  2489 | D:4      | Noticed Menkaure
  2498 | D:4      | Killed Menkaure
  2499 | D:4      | Reached skill level 4 in Axes
  2499 | D:4      | Reached XP level 5. HP: 14/40 MP: 5/5
  2742 | D:4      | Reached XP level 6. HP: 47/47 MP: 6/6
  2761 | D:4      | XOM: scenery: create altars
  2766 | D:4      | XOM: summons 4 hostile demons
  2767 | D:4      | Gained mutation: You have large cloven feet. [potion of
                  | mutation]
  2767 | D:4      | Gained mutation: You are dopey. (Int -2) [potion of
                  | mutation]
  2767 | D:4      | Slain by a black bear

Illustrated notes

Levels and vault maps discovered:
D:1:      nagdon_arrival_double_spiral, layout_rooms,
          ebering_ecumenical_altar_mist, serial_curves, eino_curves_01,
          eino_curves_01, serial_bayou_ford_a
D:2:      layout_loops_ring, chequers_serial_rivers_micro_b,
          kennysheep_jessica_study
D:3:      kennysheep_slugbush, layout_loops_ring, ebering_ghost_inner_flame,
          roderic_nine_men_s_morris
D:4:      layout_loops_cross, tso_altar, serial_shops, shop,
          uniq_crazy_yiuf_cottage, uniq_menkaure
D:5:      layout_basic, mainiacjoe_overflow_brackets, serial_rivers,
          chequers_serial_rivers_large_a, chequers_serial_rivers_small_b,
          chequers_serial_rivers_micro_a, chequers_serial_rivers_large_b
D:6:      layout_loops_ring, mainiacjoe_overflow_cross_hatched,
          minmay_temple_entry_from_below_a, uniq_grinder

Skill      XL: |  1  2  3  4 |
---------------+-------------+-----
Dodging        | 3 |  3.4
Axes           | 3 4 |  4.2
Throwing       | 2 3 |  3.3
Armour         | 1 |  1.6
Fighting       | |  2.4
Stealth        | |  0.7

Action                   |  1- 3 |  4- 6 || total
-------------------------+-------+-------++-------
Melee: War axe           |    48 |    29 ||    77
Throw: Throwing net      |     3 |       ||     3
       Javelin           |     5 |       ||     5
       Boomerang         |    42 |    45 ||    87
  Use: Potion            |       |     1 ||     1
 Stab: Held in net/web   |     1 |       ||     1
Armor: Leather armour    |    22 |    30 ||    52
Dodge: Dodged            |    46 |    41 ||    87
